Description

This has been used by Maru and Innovation recently (Dec 2016 - Jan 2017). Get 3 CC's and double Infantry upgrades with just one Barracks and one Factory. This build transitions into an extremely powerful 4M midgame.

Look at GSLTV Loser Strikes Back Innovation v Soo and Leenock, and Innovation's GSL 2017 Season 1 Ro32 matches v Zerg for some more examples.

VOD

https://www.youtube.com/watch?v=OUvhx6CxfaU

Replay - Maru v Nerchio: Game 1 - 에코 - 래더 (공허)

Build Order

Get SALT Encoding   

  12  0:00  SCV  
  13  0:13  SCV  
  14  0:17  Supply Depot  
  14  0:25  SCV  
  15  0:38  SCV  
  15  0:39  Barracks  
  16  0:45  Refinery  
  16  0:50  SCV  
  17  1:02  SCV  
  18  1:14  SCV  
  19  1:27  Reaper, Orbital Command  
  20  1:38  Command Center  
  20  1:49  Supply Depot  
  20  1:53  SCV  
  21  1:59  Marine  
  22  2:05  SCV  
  23  2:13  Factory  
  23  2:17  SCV  
  23  2:22  Barracks Reactor  
  25  2:43  Command Center  
  26  2:51  Orbital Command  
  27  3:04  Hellion x2  
  31  3:07  Barracks Tech Lab  
  34  3:22  Supply Depot  
  34  3:25  Hellion x2  
  34  3:26  Stimpack  
  38  3:27  Marine  
  42  3:45  Engineering Bay  
  42  3:47  Engineering Bay  
  43  3:54  Orbital Command  
  44  3:56  Supply Depot  
  44  4:02  Marine  
  46  4:04  Barracks  
  47  4:11  Barracks, Factory Reactor  
  50  4:25  Terran Infantry Weapons Level 1  
  50  4:29  Refinery x2  
  52  4:33  Marine  
  54  4:46  Orbital Command  
  54  4:49  Starport  
  54  4:51  Marine  
  56  4:56  Barracks, Factory Reactor  
  56  4:57  Barracks  
  58  5:05  Marine x2  
  58  5:06  Marine x2  
  62  5:09  Marine  
  62  5:13  Terran Infantry Armor Level 1, Supply Depot  
  71  5:28  Combat Shields  
  75  5:39  Refinery  
  75  5:40  Refinery  
  79  5:44  Factory Reactor  
  79  5:45  Barracks Reactor  
  79  5:46  Armory  
  85  5:58  Barracks Reactor  
  93  6:21  Medivac x2  
  101  6:30  Widow Mine  
  101  6:32  Widow Mine  
  114  6:46  Terran Infantry Weapons Level 2  
  122  7:01  Barracks  
  125  7:02  Barracks  
  125  7:03  Barracks  
  125  7:08  Terran Infantry Armor Level 2  
  126  7:13  Medivac x2  
  134  7:16  Marauder  
  134  7:17  Factory Tech Lab  
  111  7:37  Marauder  
  123  7:46  Siege Tank  
  123  7:50  Barracks Tech Lab  
  127  7:51  Barracks Tech Lab  
  127  7:56  Refinery  
  127  7:59  Marauder  
  135  8:11  Marauder x2  
  140  8:18  Siege Tank  
  143  8:20  Marauder  
  145  8:33  Marauder x2  
  144  8:41  Marauder  
  144  8:42  Concussive Shells  
  144  8:43  Medivac x2  
  148  8:52  Siege Tank  
  148  8:54  Marauder  
  153  8:56  Liberator x2  
  162  9:03  Missile Turret  
  180  9:32  Command Center  
  179  9:59  Siege Tank, Medivac x2  
Spawning Tool Build Advisor. Get it on Overwolf

Go to:

Details

  • Created by: Zarmoxis
  • Published on: Jan 20, 2017
  • Modified on: Jan 20, 2017
  • Patch: 3.8.0
Show
View Real Time Build Order
Export as new Build Order

Comments (1)

On Jan. 28, 2017, 12:35 p.m., decam2009@gmail.com  said:

54 4:46 SCV, Orbital Command

At this step all CC already have Orbital Command. May be upper there is a missed step to build CC, or may be this Orbital Command is excess.

Create an account to comment!